 Dungeon Crawl Stone Soup version 0.31-a0-1074-g0b22e4e0f1 (webtiles) character file.

Game seed: 17693637703852532127

2126 Jeffwins the Changeling (level 9, 0/108 HPs)
             Began as an Armataur Shapeshifter on Nov 26, 2023.
             Was an Initiate of Gozag.
             Slain by a killer bee (5 damage)
             ... on level 7 of the Dungeon.
             The game lasted 00:12:44 (7309 turns).

Jeffwins the Changeling (Armataur Shapeshifter)     Turns: 7309, Time: 00:12:44

Health: 0/108      AC: 24    Str: 19    XL:     9   Next: 8%
Magic:  9/9        EV:  1    Int: 22    God:    Gozag
Gold:   1019       SH:  0    Dex:  9    Spells: 7/9 levels left

rFire   . . .        M - +2 flail
rCold   . . .        (no shield)
rNeg    . . .        w - melded +3 ring mail {rN+}
rPois   +            (helmet currently unavailable)
rElec   .            (cloak currently unavailable)
rCorr   .            (gloves currently unavailable)
SInv    .            (no barding)
Will    .....        (no amulet)
Stlth   ++           I - +6 ring of intelligence
HPRegen 0.38/turn    (no ring)
MPRegen 0.11/turn

%: roll
@: lethally poisoned (0 -> -2), tree-form, studying Necromancy
A: stationary, stasis, torment immunity, boosted hp, large, (deformed body),
(tough skin 3), (armoured tail), roll 2, long tongue
a: Renounce Religion, Potion Petition, Call Merchant, Bribe Branch


You were on level 7 of the Dungeon.
You worshipped Gozag.
Gozag was most pleased with you.
You were a tree.
You visited 1 branch of the dungeon, and saw 7 of its levels.
You also visited: Sewer and Ossuary.

You collected 1079 gold pieces.
You paid 60 gold pieces to Gozag.


Innate Abilities, Weirdness & Mutations

You are a tree.
Your roots penetrate the ground, keeping you stationary.
You cannot be teleported.
You are immune to unholy pain and torment.
Your maximum health is greatly increased.
Your equipment is partially melded.
((Armour fits poorly on your strangely shaped body.))
((You have extremely tough skin. (AC +3)))
((You have a long armoured tail.))
You roll and regenerate health when moving toward enemies. (Rampage Heal)
Your long tongue fully drains potion bottles. (2x potion effects)


   Skills:
 + Level 4.4 Fighting
 - Level 4.4 Maces & Flails
 + Level 2.1 Throwing
 - Level 1.3 Dodging
 + Level 2.6 Stealth
 * Level 4.8 Unarmed Combat
 + Level 0.5 Spellcasting
 + Level 0.4 Transmutations
 + Level 2.7 Evocations
 * Level 6.3 Shapeshifting


You had 7 spell levels left.
You knew the following spells:

 Your Spells              Type           Power      Damage    Failure   Level
z - Wereblood             Tmut           2%         N/A       21%         2

Your spell library contained the following spells:

 Spells                   Type           Power      Damage    Failure   Level
 Magic Dart               Conj           0%         1d3       16%         1
 Slow                     Hex            0%         N/A       16%         1
 Searing Ray              Conj           0%         2d4       24%         2
 Sublimation of Blood     Necr           0%         N/A       24%         2
 Confusing Touch          Hex            0%         N/A       43%         3
 Sigil of Binding         Hex            0%         N/A       43%         3
 Vampiric Draining        Necr           0%         2d6       43%         3
 Fulminant Prism          Conj/Hex       0%         3d5       85%         4
 Summon Hydra             Summ           0%         N/A       100%        7

Inventory:

Hand Weapons
 k - a +0 morningstar
 o - a +2 vampiric spear
 M - a +2 flail (weapon)
Missiles
 h - 6 javelins
 x - 9 poisoned darts (quivered)
 z - 2 silver javelins
 D - a throwing net {=f}
 E - 5 datura-tipped darts
Armour
 a - a +0 animal skin
 g - a +0 helmet
 l - an orb of wrath
 w - a +3 ring mail of positive energy (melded)
 y - a +0 helmet
Magical Staves
 B - a staff of death
Jewellery
 i - a +6 ring of intelligence
 I - a +6 ring of intelligence (left branch)
Talismans
 c - a beast talisman
 d - a flux talisman
 C - a maw talisman
Wands
 e - a wand of charming (6)
Scrolls
 f - 5 scrolls of enchant weapon {unknown}
 m - 3 scrolls of enchant armour
 n - a scroll of vulnerability {unknown}
 p - 6 scrolls of blinking
 q - 2 scrolls of torment {unknown}
 s - a scroll of fog {unknown}
 t - a scroll of revelation {unknown}
 v - a scroll of fear
 A - 2 scrolls of teleportation {@r4}
 F - a scroll of amnesia
 J - a scroll of poison {unknown}
 N - a scroll of summoning {unknown}
Potions
 b - a potion of lignification {!q}
 j - 2 potions of haste {@q3}
 r - 2 potions of brilliance {unknown}
 u - a potion of experience {unknown}
 G - 2 potions of magic {unknown}
 H - 3 potions of curing {@q1}
 K - a potion of ambrosia {unknown}
 L - a potion of enlightenment
 O - a potion of heal wounds {unknown}

Dungeon Overview and Level Annotations

Branches:
Dungeon (7/15)             Temple (0/1) D:6           Sewer (visited)
Ossuary (visited)

Altars:
Fedhas
Gozag
Hepliaklqana
Makhleb
Qazlal
Sif Muna
Wu Jian
Xom

Shops:
D:6

( # #. .#.# ### #.
...######.# ###.###
#...^....##### #.....#
#..........#.# #.....#
#............. #.....#
#............[
#....y######..(..<))..#.#
#....yyy♣.............#.#
#.....#######...#######.#
#.....######..#.# #..
#.....#....#.##.# ##.
#.....#......##.# ######.
#...?.#....####.# #......
#######....####.###......
#...........[......
#....####.###......


You could see 4 killer bees.


Message History

The killer bee stings you.
* * * LOW HITPOINT WARNING * * *
The killer bee stings you but does no damage.
The killer bee stings you.
* * * LOW HITPOINT WARNING * * *
You are more poisoned.
The killer bee poisons you!
You closely miss the killer bee.
The killer bee is severely wounded.
You feel sick. The killer bee stings you.
* * * LOW HITPOINT WARNING * * *
The killer bee stings you but does no damage.
Unknown command.
You sock the killer bee!
You kill the killer bee!
You feel sick.
The killer bee stings you but does no damage. x2
Unknown command.
You thump the killer bee! You punch the killer bee.
The killer bee is heavily wounded.
You feel sick.
The killer bee stings you but does no damage. x2
Unknown command.
You hit the killer bee.
The killer bee is severely wounded.
You feel sick. The killer bee stings you.
* * * LOW HITPOINT WARNING * * *
The killer bee stings you.
You die...
Your body crumbles into a pile of gold.

Skill      XL: |  1  2  3  4  5  6  7  8 |
---------------+-------------------------+-----
Fighting       | 1 2 3 4 |  4.4
Unarmed Combat | 3 4 |  4.8
Shapeshifting  | 3 4 5 6 |  6.3
Maces & Flails | 1 2 3 4 |  4.4
Evocations     | 1 2 |  2.7
Stealth        | 2 |  2.6
Throwing       | 2 |  2.1
Dodging        | |  1.3
Spellcasting   | |  0.5
Transmutations | |  0.4

Action                     |  1- 3 |  4- 6 |  7- 9 || total
---------------------------+-------+-------+-------++-------
  Melee: Unarmed           |    34 |       |       ||    34
         Tailslap          |     8 |    23 |    46 ||    77
         Morningstar       |    54 |   184 |   329 ||   567
         Punch             |     1 |     4 |    15 ||    20
         Flail             |       |       |    17 ||    17
  Throw: Dart              |       |     4 |       ||     4
   Cast: Wereblood         |       |       |     1 ||     1
  Evoke: Wand              |       |       |     7 ||     7
    Use: Potion            |     1 |     1 |     6 ||     8
         Scroll            |       |     3 |     3 ||     6
   Stab: Sleeping          |     1 |       |       ||     1
         Betrayed ally     |       |       |     1 ||     1
         Distracted        |       |       |     2 ||     2
         Invisible         |       |       |     2 ||     2
 Armour: Animal skin       |    51 |    50 |       ||   101
         Ring mail         |       |   165 |   316 ||   481
         Skin              |       |    49 |    24 ||    73
  Dodge: Dodged            |    43 |   139 |   145 ||   327

Levels and vault maps discovered:
D:1:      dpeg_arrival_round_b, layout_loops_ring, serial_forest,
          infiniplex_forest_straight_3, infiniplex_forest_clump_tiny,
          infiniplex_forest_clump_tiny, infiniplex_forest_corner_2,
          infiniplex_forest_lined_1, infiniplex_forest_lined_4_way,
          infiniplex_forest_clump_tiny, infiniplex_forest_clump_double
D:2:      layout_rooms, shapermc_ecumenical_altar_mp_ritualfount
D:3:      layout_basic, kennysheep_orc_sif_temple, gup_sewer_entry_bowl,
          uniq_ijyb
D:4:      layout_basic, lemuel_crystal_altar, minmay_manual_mail, uniq_sigmund,
          uniq_duvessa, uniq_robin
D:5:      layout_basic, nicolae_qazlal_general_emergency, kennysheep_little_box,
          uniq_blork_the_orc
D:6:      layout_loops_corners, regret_index_temple_of_mockery,
          fedhas_ov_isle_minmay, mainiacjoe_overflow_alcove_1,
          minmay_temple_entry_proselytizer,
          mainiacjoe_ossuary_entry_find_the_door, serial_shops,
          nicolae_shop_tiny_glass, st_stairs_10, lightli_orcish_oven
D:7:      layout_rooms, nicolae_sextant, minmay_nine_imps

Notes
Turn   | Place    | Note
-------+----------+-------------------------------------------
     0 | D:1      | Jeffwins the Armataur Shapeshifter began the quest for the
                  | Orb.
     0 | D:1      | Reached XP level 1. HP: 15/15 MP: 1/1
    69 | D:1      | Reached skill level 1 in Fighting
   138 | D:1      | Reached XP level 2. HP: 23/23 MP: 2/2
   155 | D:1      | Reached skill level 3 in Unarmed Combat
   200 | D:1      | Reached skill level 3 in Shapeshifting
   741 | D:2      | Reached XP level 3. HP: 28/28 MP: 3/3
   839 | D:2      | Reached skill level 1 in Maces & Flails
   937 | D:2      | Reached XP level 4. HP: 27/36 MP: 4/4
  1231 | D:2      | Found a faded altar of an unknown god.
  1437 | D:3      | Found a glowing drain.
  1441 | Sewer    | Entered a sewer
  1510 | Sewer    | Reached skill level 2 in Fighting
  1510 | Sewer    | Reached skill level 2 in Maces & Flails
  1510 | Sewer    | Reached XP level 5. HP: 22/41 MP: 5/5
  1774 | D:3      | Found a shimmering blue altar of Sif Muna.
  2329 | D:3      | Noticed Ijyb
  2354 | D:3      | Killed Ijyb
  2639 | D:4      | Noticed Robin
  2649 | D:3      | Reached skill level 4 in Shapeshifting
  2873 | D:4      | Killed Robin
  3161 | D:3      | Reached XP level 6. HP: 22/50 MP: 6/6
  3367 | D:4      | Noticed Dowan
  3369 | D:4      | Noticed Duvessa
  3386 | D:4      | Killed Duvessa
  3387 | D:4      | Reached skill level 3 in Maces & Flails
  3395 | D:4      | Killed Dowan
  3584 | D:4      | Reached skill level 3 in Fighting
  3731 | D:4      | Found an opulent altar of Gozag.
  3743 | D:4      | Gained mutation: You roll and regenerate health when moving
                  | toward enemies. (Rampage Heal) [Armataur growth]
  3743 | D:4      | Reached XP level 7. HP: 56/57 MP: 7/7
  3748 | D:4      | Noticed Sigmund
  3752 | D:4      | Became a worshipper of Gozag Ym Sagoz the Greedy
  3763 | D:4      | Killed Sigmund
  3764 | D:4      | Reached skill level 4 in Maces & Flails
  3764 | D:4      | Reached skill level 5 in Shapeshifting
  4250 | D:5      | Entered Level 5 of the Dungeon
  4287 | D:5      | Found a stormy altar of Qazlal.
  4423 | D:5      | Reached skill level 1 in Evocations
  4605 | D:5      | Reached XP level 8. HP: 50/64 MP: 8/8
  4752 | D:5      | Noticed Blork the orc
  4769 | D:5      | Killed Blork the orc
  5068 | D:5      | Found an ornate altar of the Wu Jian Council.
  5119 | D:6      | Reached skill level 1 in Stealth
  5150 | D:6      | Reached skill level 1 in Throwing
  5159 | D:6      | Found a blossoming altar of Fedhas.
  5252 | D:6      | Reached skill level 4 in Unarmed Combat
  5284 | D:6      | Reached skill level 2 in Evocations
  5303 | D:6      | HP: 6/66 [orc priest/+0 flail (5)]
  5305 | D:6      | Reached skill level 4 in Fighting
  5315 | D:6      | Found a staircase to the Ecumenical Temple.
  5376 | D:6      | Reached skill level 6 in Shapeshifting
  5400 | D:6      | Found a sand-covered staircase.
  5412 | D:6      | Reached skill level 2 in Stealth
  5474 | Ossuary  | Entered an ossuary
  5947 | Ossuary  | Noticed Menkaure
  5960 | Ossuary  | Killed Menkaure
  6206 | D:6      | Found a burning altar of Makhleb.
  6330 | D:6      | Found Acvox's Weapon Shoppe.
  6596 | D:6      | Learned a level 2 spell: Wereblood
  6929 | D:6      | Found a hazy altar of Hepliaklqana.
  6930 | D:6      | Found a shimmering altar of Xom.
  6931 | D:6      | Noticed a spectral ugly thing
  7119 | D:7      | Reached skill level 2 in Throwing
  7155 | D:7      | Reached XP level 9. HP: 67/71 MP: 9/9
  7297 | D:7      | HP: 7/72 [poisoned by a killer bee]
  7308 | D:7      | HP: 9/108 [poisoned by a killer bee]
  7309 | D:7      | Slain by a killer bee

Vanquished Creatures
  Sigmund (D:4)
  Menkaure (Ossuary)
  Duvessa (D:4)
  A centaur (D:5)
  A kobold brigand (D:6)
  Blork the orc (D:5)
  A scorpion (D:3)
  4 wights (D:7)
  Dowan (D:4)
  A killer bee (D:7)
  A howler monkey (D:6)
  3 hounds
  5 orc priests
  2 gnoll boudas
  7 scorpion zombies (D:6)
  Ijyb (D:3)
  An iguana (D:6)
  5 orc wizards
  A hell rat (Sewer)
  3 mummies (Ossuary)
  Robin (D:4)
  12 gnolls
  3 howler monkey skeletons (D:6)
  A river rat (D:3)
  9 adders
  2 white imps (D:5)
  2 worms
  2 dart slugs (D:1)
  15 orcs
  3 bats
  10 endoplasms
  6 giant cockroaches
  4 gnoll zombies (Ossuary)
  12 goblins
  9 hobgoblins
  A jackal (D:3)
  15 kobolds
  3 quokkas
  8 ball pythons
  6 frilled lizards
  5 gnoll skeletons (Ossuary)
  2 goblin skeletons (Ossuary)
  2 goblin zombies (Ossuary)
  5 hobgoblin skeletons (Ossuary)
  5 hobgoblin zombies (Ossuary)
  3 kobold skeletons (Ossuary)
  5 kobold zombies (Ossuary)
  4 orc skeletons (Ossuary)
  5 orc zombies (Ossuary)
  7 rats
  6 rat skeletons (Ossuary)
  4 rat zombies (Ossuary)
219 creatures vanquished.

Vanquished Creatures (others)
  An ice beast (D:6)
  A killer bee (D:7)
  A gnoll (D:6)
3 creatures vanquished.

Grand Total: 222 creatures vanquished

Table legend: (Time is in decaauts)
 A = Elapsed time spent in this place.
 B = Non-inter-level travel time spent in this place.
 C = Inter-level travel time spent in this place.
 D = Time resting spent in this place.
 E = Time spent auto-exploring this place.
 F = Levels seen in this place.
 G = Mean time per level.
                   A        B        C        D        E       F      G
               +--------+--------+--------+--------+--------+-----+--------+
         Total |   7478 |   7327 |    151 |    525 |   4987 |   9 |  830.9 |
       Dungeon |   6642 |   6491 |    151 |    522 |   4381 |   7 |  948.9 |
         Sewer |    165 |    165 |      0 |      0 |    135 |   1 |  165.0 |
       Ossuary |    671 |    671 |      0 |      3 |    471 |   1 |  671.0 |
               +--------+--------+--------+--------+--------+-----+--------+

Top non-repeatable levels by time:
     D:3: 1627 daAuts
     D:6: 1404 daAuts
     D:4: 1030 daAuts
     D:5: 840 daAuts
     D:2: 784 daAuts
     D:1: 748 daAuts
 Ossuary: 671 daAuts
     D:7: 207 daAuts
   Sewer: 165 daAuts

Table legend:
 A = Non-vault XP
 B = Vault XP
 C = Vault XP percentage of total XP
 D = Non-vault monster count
 E = Vault monster count
 F = Vault count percentage of total count
                 A         B        C        D         E       F
            +---------+---------+-------+---------+---------+-------
      Total |    1566 |    1472 |  48.5 |     114 |     105 |  47.9
            +---------+---------+-------+---------+---------+-------
        D:1 |      40 |       0 |   0.0 |      23 |       0 |   0.0
        D:2 |     111 |       2 |   1.8 |      21 |       1 |   4.5
        D:3 |      15 |     202 |  93.1 |       8 |      23 |  74.2
        D:4 |     319 |     460 |  59.1 |      24 |       4 |  14.3
        D:5 |     383 |      96 |  20.0 |      17 |       1 |   5.6
        D:6 |     344 |     395 |  53.5 |      15 |      19 |  55.9
        D:7 |     354 |       0 |   0.0 |       6 |       0 |   0.0
      Sewer |       0 |      35 | 100.0 |       0 |       3 | 100.0
    Ossuary |       0 |     282 | 100.0 |       0 |      54 | 100.0
            +---------+---------+-------+---------+---------+-------
